 Dungeon Crawl Stone Soup version 0.27-a0-1281-ge233d83751 (webtiles) character file.

Game seed: 17980867340837778285

701 27snakeeyes612 the Skirmisher (level 7, -19/61 HPs)
             Began as a Ghoul Fighter on June 14, 2021.
             Killed from afar by Ijyb (25 damage)
             ... with a bolt of acid
             ... on level 4 of the Dungeon.
             The game lasted 00:03:00 (4286 turns).

27snakeeyes612 the Skirmisher (Ghoul Fighter)       Turns: 4286, Time: 00:03:00

Health: -19/61     AC:  3    Str: 22    XL:     7   Next: 66%
Magic:  6/6        EV:  6    Int:  3    God:
Gold:   63         SH:  9    Dex:  8    Spells: 6/6 levels left

rFire    . . .     SeeInvis .   a - +0 war axe
rCold    + . .     Faith    +   c - +0 kite shield
rNeg     + + +     Spirit   .   v - +0 chain mail
rPois    ∞         Reflect  .   g - +1 helmet
rElec    .         Harm     .   (no cloak)
rCorr    .         Rampage  .   (no gloves)
Will     .....                  (no boots)
Stlth    ..........             q - amulet of faith
HPRegen  0.00/turn              (no ring)
MPRegen  0.10/turn              (no ring)

@: corroded
A: claws 1, cold resistance 1, negative energy resistance 3, inhibited
regeneration, torment resistance 2
a: no special abilities


You were on level 4 of the Dungeon.
You visited 1 branch of the dungeon, and saw 4 of its levels.

You collected 63 gold pieces.

Inventory:

Hand Weapons
 a - a +0 war axe (weapon)
Missiles
 f - 7 curare-tipped darts (quivered)
 k - 2 throwing nets
Armour
 b - a +0 scale mail
 c - a +0 kite shield (worn)
 g - a +1 helmet (worn)
 v - a +0 chain mail (worn)
Jewellery
 l - a ring of positive energy
 q - an amulet of faith (around neck)
 z - a +6 ring of intelligence
Wands
 r - a wand of iceblast (12)
 u - a wand of flame (26)
Scrolls
 j - 3 scrolls of identify {unknown}
 n - a scroll of magic mapping {unknown}
 o - a scroll of teleportation {unknown}
 p - a scroll of fog {unknown}
 x - a scroll of immolation {unknown}
 y - a scroll of amnesia {unknown}
Potions
 d - a potion of attraction {unknown}
 e - a potion of degeneration {unknown}
 h - 3 potions of magic {unknown}
 i - a potion of resistance {unknown}
 m - 2 potions of flight
 s - a potion of haste {unknown}
 t - a potion of lignification {unknown}
 w - a potion of curing {unknown}


   Skills:
 + Level 5.1 Fighting
 + Level 4.2 Axes
 + Level 4.4 Armour
 - Level 0.8 Dodging
 + Level 4.6 Shields


You had 6 spell levels left.
You didn't know any spells.
Your spell library contained the following spells:

 Spells                   Type           Power      Damage    Failure   Level
 Magic Dart               Conj           0%         1d3       100%        1
 Blink                    Tloc           N/A        N/A       100%        2
 Call Imp                 Summ           0%         N/A       100%        2
 Slow                     Hex            0%         N/A       100%        2
 Conjure Flame            Conj/Fire      0%         6-21      100%        3
 Mephitic Cloud           Conj/Pois/Air  0%         N/A       100%        3


Dungeon Overview and Level Annotations

Branches:
Dungeon (4/15)
 Temple: D:4-7

Altars:
Ashenzari
Dithmenos
Zin

Annotations:
D:4 Ijyb


Innate Abilities, Weirdness & Mutations

You thrive by killing the living.
You are immune to poison.
You have sharp fingernails.
Your flesh is cold resistant. (rC+)
You are immune to negative energy. (rN+++)
You do not regenerate when monsters are visible.
You are immune to unholy pain and torment.


Message History

There is a broken altar of Ashenzari here.
z - a +6 ring of intelligence
Found a glowing dagger.
You see here a +0 dagger of draining.
Ijyb the Twisted Goblin comes into view.
She is wielding a +0 club and carrying a wand of acid (11).
Ijyb shouts!
A howler monkey comes into view.
Ijyb zaps a wand.
The bolt of acid hits you! The acid corrodes you!
You are splashed with acid!
The howler monkey howls!
You block Ijyb's attack.
The howler monkey hoots and howls with incredible vigour!
You hear a shout!
You hit Ijyb.
Ijyb is lightly wounded.
Ijyb hits you but does no damage. You block Ijyb's attack.
You slash Ijyb!
Ijyb is heavily wounded.
You block Ijyb's attack.
You closely miss Ijyb.
Ijyb is heavily wounded.
Ijyb zaps a wand.
The bolt of acid hits you!
* * * LOW HITPOINT WARNING * * *
The acid corrodes you!
You are splashed with acid!
* * * LOW HITPOINT WARNING * * *
Ijyb barely misses you.
You are too injured to fight recklessly!
You are too injured to fight recklessly!
You are too injured to fight recklessly!
You are too injured to fight recklessly!
You are too injured to fight recklessly!
Okay, then.
You barely miss Ijyb.
Ijyb is heavily wounded.
Ijyb hits you with a +0 club.
* * * LOW HITPOINT WARNING * * *
You hit Ijyb but do no damage.
Ijyb is heavily wounded.
Ijyb barely misses you.
Ijyb zaps a wand.
The bolt of acid hits you!!
You die...

........ ######..
#... # #..# # #..# #
#..# # #..# # .h#
#g# ###### #@#
...... #.# ######
#########.#
#.........#
#.########### #.#
#.....#
###.#####.###.#
######...........#.#
.....#.##.#..#.#.#.#


You could see Ijyb and a howler monkey.

Vanquished Creatures
  Grinder (D:3)
  Menkaure (D:4)
  Duvessa (D:4)
  Dowan (D:4)
  A hound (D:4)
  An orc priest (D:3)
  An iguana (D:4)
  3 gnolls (D:2)
  4 adders
  A worm (D:2)
  2 dart slugs
  2 orcs (D:3)
  7 ball pythons
  4 endoplasms
  6 giant cockroaches
  A goblin (D:1)
  8 hobgoblins
  3 jackals (D:4)
  6 quokkas
  4 bats
  6 frilled lizards
  9 kobolds
  6 rats
79 creatures vanquished.

Notes
Turn   | Place    | Note
-------+----------+-------------------------------------------
     0 | D:1      | 27snakeeyes612 the Ghoul Fighter began the quest for the
                  | Orb.
     0 | D:1      | Reached XP level 1. HP: 19/19 MP: 0/0
   369 | D:1      | Reached XP level 2. HP: 22/26 MP: 1/1
   990 | D:1      | You fall into a shaft and drop 1 floor!
   996 | D:2      | Reached XP level 3. HP: 31/31 MP: 2/2
  1213 | D:1      | Found a faded altar of an unknown god.
  1617 | D:2      | Reached XP level 4. HP: 24/38 MP: 3/3
  2236 | D:3      | Reached XP level 5. HP: 19/46 MP: 4/4
  2465 | D:3      | Found a shadowy altar of Dithmenos.
  2471 | D:3      | Noticed Grinder
  2489 | D:3      | Paralysed by Grinder for 5 turns
  2494 | D:3      | Killed Grinder
  2495 | D:3      | Reached skill level 4 in Fighting
  2495 | D:3      | Reached XP level 6. HP: 9/53 MP: 5/5
  3253 | D:4      | Found the +3 robe of Clouds {+Thunder rCloud rElec}
  3298 | D:4      | Found a broken altar of Ashenzari.
  3299 | D:4      | Noticed Duvessa
  3299 | D:4      | Noticed Dowan
  3661 | D:4      | Noticed Menkaure
  3670 | D:4      | Killed Menkaure
  3671 | D:4      | Reached XP level 7. HP: 41/60 MP: 6/6
  3985 | D:4      | Killed Duvessa
  3986 | D:4      | Reached skill level 5 in Fighting
  3995 | D:4      | Killed Dowan
  4278 | D:4      | Noticed Ijyb
  4286 | D:4      | Killed from afar by Ijyb

Illustrated notes

Levels and vault maps discovered:
D:1:      onia_arrival_pyramid, layout_basic,
          hellmonk_ecumenical_altar_heavens_door, minmay_split_cup_large
D:2:      layout_rooms, hex_medium, hangedman_glass_teeth,
          kennysheep_generic_room_4
D:3:      layout_rooms, grunt_dithmenos_smoke_and_mirrors, uniq_grinder
D:4:      layout_basic, general_overflow_altar, cheibrodos_ashenzari_chains,
          uniq_menkaure, uniq_ijyb, uniq_duvessa

Skill      XL: |  1  2  3  4  5  6  7 |
---------------+----------------------+-----
Axes           | 2 3 4 |  4.2
Armour         | 3 4 |  4.4
Shields        | 3 4 |  4.6
Fighting       | 4 5 |  5.1
Dodging        | |  0.8

Action                   |  1- 3 |  4- 6 |  7- 9 || total
-------------------------+-------+-------+-------++-------
Melee: War axe           |   107 |   146 |    38 ||   291
  Use: Potion            |       |     1 |     1 ||     2
Armor: Scale mail        |    63 |    78 |       ||   141
       Chain mail        |       |    24 |    27 ||    51
Dodge: Dodged            |    33 |    56 |    14 ||   103
Block: Kite shield       |    67 |    97 |    21 ||   185

Table legend: (Time is in decaauts)
 A = Elapsed time spent in this place.
 B = Non-inter-level travel time spent in this place.
 C = Inter-level travel time spent in this place.
 D = Time resting spent in this place.
 E = Time spent auto-exploring this place.
 F = Levels seen in this place.
 G = Mean time per level.
                   A        B        C        D        E       F      G
               +--------+--------+--------+--------+--------+-----+--------+
         Total |   4459 |   4307 |    152 |    266 |   3289 |   4 | 1114.8 |
       Dungeon |   4459 |   4307 |    152 |    266 |   3289 |   4 | 1114.8 |
               +--------+--------+--------+--------+--------+-----+--------+

Top non-repeatable levels by time:
     D:1: 1506 daAuts
     D:3: 1303 daAuts
     D:4: 897 daAuts
     D:2: 751 daAuts
